 Dungeon Crawl Stone Soup version 0.29.0-13-gc9e81de378 (webtiles) character file.

Game seed: 12360043507964541215

0 SnakkuSnakku7 the Sneak (level 1, -1/18 HPs)
             Began as a Demigod Delver on Sept 7, 2022.
             Slain by a gnoll
             ... wielding a +0 spear
             ... led by a gnoll bouda
              (6 damage)
             ... on level 4 of the Dungeon.
             The game lasted 00:01:37 (152 turns).

SnakkuSnakku7 the Sneak (Demigod Delver)             Turns: 152, Time: 00:01:37

Health: -1/18      AC:  3    Str: 13    XL:     1   Next: 0%
Magic:  3/3        EV: 11    Int: 12    God:
Gold:   35         SH:  0    Dex: 15    Spells: 0/0 levels left

rFire   . . .      SeeInvis .   a - +0 hand axe
rCold   . . .      Faith    .   (no shield)
rNeg    . . .      Spirit   .   b - +0 leather armour
rPois   .          Reflect  .   (no helmet)
rElec   .          Harm     .   (no cloak)
rCorr   .          Rampage  .   (no gloves)
Will    .....                   (no boots)
Stlth   +++.......              (no amulet)
HPRegen 0.06/turn               (no ring)
MPRegen 0.08/turn               (no ring)

@: hasted, very quick
A: high MP 1, forlorn, divine attributes
a: no special abilities


You were on level 4 of the Dungeon.
You visited 1 branch of the dungeon, and saw 2 of its levels.

You collected 35 gold pieces.

Inventory:

Hand Weapons
 a - a +0 hand axe (weapon)
Missiles
 h - 3 javelins (quivered)
 i - 5 poisoned darts
Armour
 b - a +0 leather armour (worn)
Wands
 g - a wand of digging (3)
Scrolls
 c - a scroll of fog


   Skills:
 - Level 2.6 Fighting
 - Level 1.7 Axes
 - Level 1.7 Dodging
 - Level 4.5 Stealth
 + Level 0.0 Air Magic
 + Level 0.0 Poison Magic


You couldn't memorise any spells.
You didn't know any spells.
Your spell library contained the following spells:

 Spells                   Type           Power      Damage    Failure   Level
 Ensorcelled Hibernation  Hex/Ice        0%         N/A       54%         2
 Poisonous Vapours        Pois/Air       0%         N/A       54%         2
 Anguish                  Hex/Necr       0%         N/A       99%         4
 Cause Fear               Hex            0%         N/A       99%         4
 Discord                  Hex            0%         N/A       100%        8


Dungeon Overview and Level Annotations

Branches:
Dungeon (5/15)             Temple (0/1) D:4


Innate Abilities, Weirdness & Mutations

You have an increased reservoir of magic. (+10% MP)
You shall have no god before yourself.
Your divine heritage dramatically boosts your attributes as you level up.


Message History

The orc completely misses you.
You climb upwards.
Reactivating autopickup.
The orc priest shouts!
There is a stone staircase leading down here.
Unknown command.
The orc barely misses you.
An orc priest comes into view. It is wielding a +0 whip.
The orc hits you but does no damage. The orc attacks as you move away!
The orc misses you. The orc barely misses you.
The orc attacks as you move away! The orc hits you with a +0 dagger.
The orc attacks as you move away! The orc hits you with a +0 dagger.
A necrophage comes into view.
The orc priest casts a cantrip, but nothing happens.
The necrophage moves out of view.
The orc attacks as you move away! The orc completely misses you.
The orc attacks as you move away! The orc hits you with a +0 dagger.
The orc attacks as you move away! The orc closely misses you.
A gnoll comes into view. It is wielding a +0 whip.
A gnoll bouda and 2 gnolls come into view.
The gnoll bouda is wielding a +1 whip of draining.
Found a falchion.
Okay, then.
You feel yourself speed up.
The gnoll bouda shouts!
The gnoll shouts!
The orc misses you.
The gnoll bouda barks out a call to the hunt!
The gnolls pick up the pace!
The gnoll shouts!
As you read the scroll of magic mapping, it crumbles to dust.
You feel aware of your surroundings. The orc hits you with a +0 dagger.
The gnoll hits you with a +0 club.
* * * LOW HITPOINT WARNING * * *
As you read the scroll of fear, it crumbles to dust.
You assume a fearsome visage.
The gnoll bouda looks frightened!
The gnoll looks frightened! x2; The orc looks frightened!
The gnoll barely misses you.
The gnoll hits you from afar with a +0 spear.
You die...

,,,,,,,,,,,,*,,,*,,,+,,,,*
,,****,,******#.*****,,,,*
,,****,,***,*##.###,******
,,,,,,,,,,*,,#.....,,,,*
,,,,,,,,,,+,,*g...,,,,,*
,,,,,,,,,*#,,*#..),,,,,*
,,,,,,,,,*#.,*#..#*,,,**
,,,,,,,,,,#g.*#..#*,,,,*
,***,**,,*#..##.@#*,,,,*******
,***,**,,##...g..+,,,,*,,,,,,*
,,,,,,*,,........#,,,,*,,,,,,*
,,,,,,*,,##g.##..#,,,,*,,,,,,*
,,,,,,*,,######..#*****,,,,,,*
,,,,,,*,,#...o...#,,,,,,**+***
,,,,,,*,,#..o##+##,,,,,,+,,,*
######*,,##..#,,,.,,,,,,*,,,*
.>...######..#....,,,,,,*****


You could see 3 gnolls.

Vanquished Creatures (others)
  4 demonic plants (D:5)
4 creatures vanquished.

Notes
Turn   | Place    | Note
-------+----------+-------------------------------------------
     0 | D:5      | SnakkuSnakku7 the Demigod Delver began the quest for the
                  | Orb.
     0 | D:5      | Reached XP level 1. HP: 18/18 MP: 3/3
    52 | D:5      | Got the Directory of Bewitchment and Lightning
    57 | D:5      | Noticed an iguana
   102 | D:5      | Noticed an orc wizard
   128 | D:4      | Noticed an orc priest
   129 | D:4      | Noticed an orc priest
   136 | D:4      | Noticed a necrophage
   145 | D:4      | Noticed a gnoll bouda
   152 | D:4      | Slain by a gnoll

Illustrated notes

Levels and vault maps discovered:
D:4:      layout_gridville, temple_statues, uniq_edmund
D:5:      layout_gridville, tgw_sif, serial_demonic, serial_demonic_a,
          serial_demonic_b, serial_demonic_f, serial_demonic_b

Action                   || total
-------------------------++-------
Melee: Hand axe          ||     2
       Punch             ||     1
  Use: Scroll            ||     3
       Potion            ||     1
Armor: Leather armour    ||     1
Dodge: Dodged            ||    14
